 Dungeon Crawl Stone Soup version 0.19.1 (webtiles) character file.

144 CanadianGator the Ruffian (level 5, -4/42 HPs)
             Began as a Minotaur Transmuter on Dec 1, 2016.
             Killed from afar by an orc wizard (8 damage)
             ... with a magic dart
             ... on level 4 of the Dungeon.
             The game lasted 00:03:07 (1541 turns).

CanadianGator the Ruffian (Minotaur Transmuter)     Turns: 1541, Time: 00:03:08

Health: -4/42      AC:  2    Str: 15    XL:     5   Next: 5%
Magic:  5/6        EV: 18    Int: 10    God:
Gold:   96         SH:  0    Dex: 16    Spells: 2 memorised, 3 levels left

rFire  . . .     SeeInvis .       - Unarmed
rCold  . . .     Gourm    .     b - +0 robe
rNeg   . . .     Faith    .     (no shield)
rPois  .         Spirit   .     (helmet restricted)
rElec  .         Reflect  .     (no cloak)
rCorr  .         Harm     .     (no gloves)
MR     .....                    (no boots)
Stlth  ++........               (no amulet)
                                (no ring)
                                (no ring)

@: agile, very slightly contaminated, invisible
A: retaliatory headbutt, horns 2
a: no special abilities


You were on level 4 of the Dungeon.
You were not hungry.

You visited 1 branch of the dungeon, and saw 3 of its levels.

You collected 96 gold pieces.

Inventory:

Missiles
 a - 40 arrows
Armour
 b - a +0 robe (worn)
Scrolls
 f - a scroll of teleportation {unknown}
 i - a scroll of enchant armour {unknown}
 j - a scroll of noise {unknown}
 m - a scroll of remove curse {unknown}
 n - a scroll of immolation {unknown}
 q - a scroll of enchant weapon {unknown}
 s - a scroll of identify {unknown}
Potions
 g - a potion of lignification {unknown}
 l - a potion of haste {unknown}
 p - a potion of flight {unknown}
 r - a potion of agility
 t - a potion of cure mutation {unknown}
Books
 c - a book of Changes

   Spells                             Type                      Level
   a - Beastly Appendage              Transmutation                1
   b - Sticks to Snakes               Transmutation                2
   c - Spider Form                    Transmutation/Poison         3
   d - Ice Form                       Ice/Transmutation            4
   e - Blade Hands                    Transmutation                5
Comestibles
 d - 4 bread rations
 h - a slice of pizza
 k - 11 fruits
 o - a beef jerky


   Skills:
 + Level 2.5 Fighting
 + Level 1.7 Armour
 + Level 2.9 Dodging
 * Level 4.2 Unarmed Combat
 - Level 1.3 Spellcasting
 * Level 2.7 Transmutations


You had 3 spell levels left.
You knew the following spells:

 Your Spells              Type           Power        Failure   Level  Hunger
a - Beastly Appendage     Tmut           #.....       12%         1    ##.....
b - Sticks to Snakes      Tmut           #.......     17%         2    ###....


Dungeon Overview and Level Annotations

Branches:
Dungeon (2/15)

Altars:


Innate Abilities, Weirdness & Mutations

You reflexively headbutt those who attack you in melee.
You have a pair of horns on your head.


Message History

The orc wizard is severely wounded.
You strike the helpless orc wizard from behind!
You hit the orc wizard.
The orc wizard is almost dead.
Okay, then.
Unknown command.
You hit the orc wizard. Your headbutt misses the orc wizard.
The orc wizard is lightly wounded.
You closely miss the adder skeleton. The adder skeleton barely misses you.
You closely miss the adder skeleton. You headbutt the adder skeleton.
The adder skeleton is moderately damaged.
The adder skeleton completely misses you.
You punch the adder skeleton!
The adder skeleton is almost destroyed.
The adder skeleton misses you.
You punch the adder skeleton!
You destroy the adder skeleton!
The orc wizard gestures at you while chanting.
The magic dart hits you!
You die...

#..#..#####...#.......
#.....# #..###.#####
####### #..###.# .
#..[...# #. ##.#####
####.# #.# #.(.oo###
#.# #..[..# #.#
.....###@######.# ###
#........# #.########
...# #####


You could see 2 orc wizards.

Vanquished Creatures
  An orc wizard (D:4)
  4 adders (D:2)
  An adder skeleton (D:4)
  A dart slug (D:2)
  A leopard gecko (D:4)
  4 orcs (D:4)
  4 bats
  2 giant cockroaches (D:1)
  A goblin (D:1)
  9 hobgoblins
  2 jackals (D:2)
  4 kobolds (D:1)
  A frilled lizard (D:2)
  4 rats
39 creatures vanquished.

Vanquished Creatures (others)
  An orc priest (D:4)
1 creature vanquished.

Grand Total: 40 creatures vanquished

Notes
Turn   | Place    | Note
-------+----------+-------------------------------------------
     0 | D:1      | CanadianGator the Minotaur Transmuter began the quest for the Orb.
     0 | D:1      | Reached XP level 1. HP: 16/16 MP: 1/1
   100 | D:1      | Reached XP level 2. HP: 14/23 MP: 3/3
   719 | D:1      | Reached skill level 1 in Armour
   871 | D:2      | Reached XP level 3. HP: 24/29 MP: 4/4
  1079 | D:2      | Learned a level 2 spell: Sticks to Snakes
  1199 | D:2      | Found a faded altar of an unknown god.
  1218 | D:2      | Reached XP level 4. HP: 36/36 MP: 5/5
  1265 | D:2      | Reached skill level 4 in Unarmed Combat
  1431 | D:2      | You fall through a shaft for 2 floors!
  1534 | D:4      | Reached XP level 5. HP: 3/42 MP: 4/6
  1541 | D:4      | Killed from afar by an orc wizard

Skill      XL: |  1  2  3  4 |
---------------+-------------+-----
Armour         | 1 |  1.7
Transmutations | 2 |  2.7
Fighting       | 2 |  2.5
Unarmed Combat | 4 |  4.2
Dodging        | |  2.9
Spellcasting   | |  1.3

Action                   |  1- 3 |  4- 6 || total
-------------------------+-------+-------++-------
Melee: Unarmed           |    79 |    33 ||   112
       Headbutt          |     5 |     9 ||    14
       Punch             |     2 |       ||     2
       Kick              |       |     1 ||     1
 Cast: Beastly Appendage |       |     1 ||     1
  Use: Potion            |       |     2 ||     2
 Stab: Sleeping          |     1 |       ||     1
       Invisible         |       |     1 ||     1
  Eat: Chunk             |       |     2 ||     2
Armor: Robe              |    12 |     2 ||    14
Dodge: Dodged            |    52 |    21 ||    73
